 Dungeon Crawl Stone Soup version 0.21-a0-633-g4c047d5f35 (webtiles) character file.

179 RaHiT the Ducker (level 5, -1/28 HPs)
             Began as a Kobold Summoner on Dec 29, 2017.
             Killed by divine providence
             ... invoked by an orc priest
              (13 damage)
             ... on level 3 of the Dungeon.
             The game lasted 00:13:37 (3028 turns).

RaHiT the Ducker (Kobold Summoner)                  Turns: 3028, Time: 00:13:37

Health: -1/28      AC:  3    Str:  6    XL:     5   Next: 90%
Magic:  8/8        EV: 18    Int: 17    God:
Gold:   255        SH:  0    Dex: 15    Spells: 2/8 levels left

rFire    . . .     SeeInvis .   d - +0 dagger
rCold    . . .     Gourm    .   (shield restricted)
rNeg     . . .     Faith    .   a - +0 robe
rPois    .         Spirit   .   (no helmet)
rElec    .         Reflect  .   (no cloak)
rCorr    .         Harm     .   (no gloves)
MR       .....                  e - +0 pair of boots
Stlth    ++........             m - amulet of magic regeneration
HPRegen  0.09/turn              (no ring)
MPRegen  0.36/turn              (no ring)

@: no status effects
A: small, carnivore
a: no special abilities


You were on level 3 of the Dungeon.
You were completely stuffed.

You visited 1 branch of the dungeon, and saw 3 of its levels.

You collected 255 gold pieces.

Inventory:

Hand Weapons
 d - a +0 dagger (weapon)
Missiles
 g - 9 poisoned needles
Armour
 a - a +0 robe (worn)
 e - a +0 pair of boots (worn)
Jewellery
 m - an amulet of magic regeneration (around neck)
Scrolls
 h - a scroll of random uselessness {unknown}
 j - a scroll of remove curse {unknown}
 k - a scroll of amnesia {unknown}
 l - 5 scrolls of identify {unknown}
 o - a scroll of enchant weapon {unknown}
Potions
 f - a potion of invisibility {unknown}
 i - 2 potions of agility {unknown}
 n - a potion of curing {unknown}
 p - a potion of heal wounds {unknown}
 q - a potion of haste {unknown}
 r - a potion of magic {unknown}
Books
 b - a book of Callings

   Spells                             Type                      Level
   a - Summon Small Mammal            Summoning                    1
   b - Call Imp                       Summoning                    2
   c - Call Canine Familiar           Summoning                    3
   d - Summon Guardian Golem          Hexes/Summoning              3
   e - Summon Lightning Spire         Summoning/Air                4
   f - Summon Ice Beast               Ice/Summoning                4
Comestibles
 c - 8 rations
 s - 3 chunks of flesh


   Skills:
 + Level 3.7 Short Blades
 + Level 5.5 Dodging
 - Level 3.0 Stealth
 - Level 2.1 Spellcasting
 - Level 4.0 Summonings


You had 2 spell levels left.
You knew the following spells:

 Your Spells              Type           Power        Failure   Level  Hunger
a - Summon Small Mammal   Summ           ###.         3%          1    #......
b - Call Imp              Summ           ###.....     5%          2    ###....
c - Call Canine Familiar  Summ           ###.....     11%         3    ###....


Dungeon Overview and Level Annotations

Branches:
Dungeon (3/15)

Altars:
Yredelemnul


Innate Abilities, Weirdness & Mutations

You are small and have problems with some larger weapons.
You are carnivorous and can eat meat at any time.


Message History

The orc dies!
Casting: Call Canine Familiar
Confirm with . or Enter, or press ? or * to list all spells.
You don't know that spell.
Sorry, you're not good enough to have a special ability.
What are your orders? t - Shout!
Orders for allies: a - Attack new target. p - Attack previous target. r - Retreat! s - Stop attacking. g - Guard the area. f - Follow me.
Anything else - Cancel.
Gang up on whom?
Press: ? - help, Dir - move target cursor, f - orc priest, p - orc
Aim: an orc priest (severely wounded) Attack!
Your bat hits the orc priest.
Your hound barely misses the orc priest.
The orc hits you with a dagger. The orc misses you.
The orc priest mumbles some strange prayers to Beogh against you.
Beogh smites you!
You die...

........(# #.......##........#.
.......))###.......##).......#.
.......#>..........##........#.
.......#...........##..o.o...##
.......#.....(.....##..h.....#
.......#........b..##........#
.........................o...#
...................###......%#
..............@ooh.# .......
.............o.).#
#####......)....(#
#.#+########## #. .. #


You could see an orc priest, 2 orcs, a friendly hound and a friendly bat.

Vanquished Creatures
  An adder (D:2)
  3 oozes
  3 dart slugs (D:1)
  2 leopard geckos (D:1)
  4 giant cockroaches
  5 goblins
  3 hobgoblins
  3 jackals (D:1)
  2 quokkas (D:3)
  A ball python (D:1)
  A bat (D:1)
  2 frilled lizards
  2 kobolds
  3 rats
  A spectral orc (D:2)
36 creatures vanquished.

Vanquished Creatures (collateral kills)
  A howler monkey (D:3)
  2 orc priests (D:3)
  Jessica (D:3)
  3 adders
  An ooze (D:2)
  A worm (D:2)
  3 leopard geckos
  6 orcs (D:3)
  2 bats (D:1)
  A giant cockroach (D:2)
  4 goblins
  A jackal (D:1)
  4 kobolds
  2 quokkas
  A frilled lizard (D:1)
  2 rats (D:2)
35 creatures vanquished.

Grand Total: 71 creatures vanquished

Notes
Turn   | Place    | Note
-------+----------+-------------------------------------------
     0 | D:1      | RaHiT the Kobold Summoner began the quest for the Orb.
     0 | D:1      | Reached XP level 1. HP: 10/10 MP: 3/3
   150 | D:1      | Reached skill level 3 in Dodging
   150 | D:1      | Reached XP level 2. HP: 15/15 MP: 1/5
   353 | D:1      | Learned a level 2 spell: Call Imp
   433 | D:1      | Reached XP level 3. HP: 14/19 MP: 6/6
   730 | D:1      | Reached skill level 4 in Dodging
  1286 | D:1      | Learned a level 3 spell: Call Canine Familiar
  1500 | D:2      | Reached skill level 1 in Short Blades
  1500 | D:2      | Reached XP level 4. HP: 19/24 MP: 7/7
  1549 | D:2      | Found a basalt altar of Yredelemnul.
  2244 | D:3      | Noticed Jessica
  2254 | D:3      | Killed Jessica
  2254 | D:3      | Reached skill level 5 in Dodging
  2254 | D:3      | Reached XP level 5. HP: 21/28 MP: 4/8
  3028 | D:3      | Killed from afar by an orc priest

Vault maps used:
D:1:      ncdulo_wetmaze, minmay_pentomino_r2
D:2:      yredelemnul_forgotten_temple_becter
D:3:      minmay_misc_feat_rugged, uniq_jessica

Skill      XL: |  1  2  3  4  5 |
---------------+----------------+-----
Stealth        | 3 |  3.0
Dodging        | 3 4 5 |  5.5
Short Blades   | 1 2 3 |  3.7
Spellcasting   | |  2.1
Summonings     | |  4.0

Action                   |  1- 3 |  4- 6 || total
-------------------------+-------+-------++-------
Melee: Dagger            |   103 |   147 ||   250
 Cast: Summon Small Mamm |    11 |     4 ||    15
       Call Canine Famil |     1 |    10 ||    11
       Call Imp          |       |     8 ||     8
 Stab: Sleeping          |    13 |     3 ||    16
       Distracted        |       |     1 ||     1
  Eat: Chunk             |    11 |     6 ||    17
Armor: Robe              |    11 |    26 ||    37
Dodge: Dodged            |    97 |   119 ||   216

Table legend:
 A = Spawn XP
 B = Non-spawn XP
 C = Spawn XP percentage of total XP
 D = Spawn monster count
 E = Non-spawn monster count
 F = Spawn count percentage of total count
 G = Total turns spent on level
                    A         B        C        D         E        F      G
               +---------+---------+-------+---------+---------+-------+---------
         Total |       0 |     256 |   0.0 |       0 |      71 |   0.0 |  3028
               +---------+---------+-------+---------+---------+-------+---------
           D:1 |       0 |      55 |   0.0 |       0 |      26 |   0.0 |  1483
           D:2 |       0 |      70 |   0.0 |       0 |      25 |   0.0 |   754
           D:3 |       0 |     131 |   0.0 |       0 |      20 |   0.0 |   791
               +---------+---------+-------+---------+---------+-------+---------
